 Dungeon Crawl Stone Soup version 0.29.1-2-gbd0b4ee654 (webtiles) character file.

Game seed: 8726170972662883855

13583 Godmorgon the Schismatic (level 12, -19/94 HPs)
             Began as a Formicid Abyssal Knight on Oct 26, 2022.
             Was an Elder of Lugonu.
             Killed from afar by a ynoxinul (28 damage)
             ... with an iron shot
             ... on level 1 of the Abyss.
             The game lasted 01:43:22 (14243 turns).

Godmorgon the Schismatic (Formicid Abyssal Knight) Turns: 14243, Time: 01:43:22

Health: -19/94     AC: 19    Str: 22    XL:     12   Next: 34%
Magic:  20/20      EV:  8    Int:  9    God:    Lugonu [****..]
Gold:   550        SH: 12    Dex: 18    Spells: 11/11 levels left

rFire   + + .      SeeInvis +   a - +2 dagger (distort)
rCold   + . .      Faith    .   g - +2 buckler
rNeg    . . .      Spirit   .   B - +1 plate armour {rF+}
rPois   +          Reflect  .   (helmet unavailable)
rElec   .          Harm     .   N - +0 cloak
rCorr   .          Rampage  .   U - +2 pair of gloves
Will    +....                   u - +0 pair of boots
Stlth   ..........              (no amulet)
HPRegen 0.25/turn               L - ring of poison resistance
MPRegen 0.17/turn               k - ring of protection from cold

@: no status effects
A: permanent stasis, dig shafts and tunnels, antennae 3, four strong arms, large
bone plates 1, agile 1, fire resistance 1
a: Dig, Shaft Self, Renounce Religion, Depart the Abyss, Bend Space, Banish,
Corrupt


You were on level 1 of the Abyss.
You worshipped Lugonu.
Lugonu was greatly pleased with you.
You visited 1 branch of the dungeon, and saw 11 of its levels.
You visited the Abyss 2 times.
You also visited: Sewer and Bailey.

You collected 702 gold pieces.
You spent 152 gold pieces at shops.

Inventory:

Hand Weapons
 a - a +2 dagger of distortion (weapon)
 c - a +0 flail of venom
 e - a +3 flail of draining
 h - a +0 flail of holy wrath
 H - a +0 dire flail
 V - a +2 flail of protection
Missiles
 i - 13 boomerangs (quivered)
 q - a throwing net
 y - 2 javelins
 O - 2 silver javelins
 W - 18 poisoned darts
Armour
 g - a +2 buckler (worn)
 u - a +0 pair of boots (worn)
 B - a +1 plate armour of fire resistance (worn)
 N - a +0 cloak (worn)
 R - +0 pearl dragon scales
 S - +2 ice dragon scales
 U - a +2 pair of gloves (worn)
Jewellery
 b - a ring of willpower
 k - a ring of protection from cold (right hand)
 s - an amulet of faith
 L - a ring of poison resistance (left hand)
Wands
 d - a wand of mindburst (8)
 l - a wand of digging (3)
 v - a wand of polymorph (8)
 C - a wand of roots (4)
 I - a wand of flame (6)
 P - a wand of charming (9)
Scrolls
 f - a scroll of butterflies {unknown}
 j - 4 scrolls of enchant weapon
 m - 3 scrolls of immolation
 n - 3 scrolls of vulnerability
 p - a scroll of torment {unknown}
 w - a scroll of summoning {unknown}
 x - 2 scrolls of brand weapon
 A - 4 scrolls of poison
 D - 3 scrolls of silence
 G - a scroll of enchant armour {unknown}
 K - 2 scrolls of fear {unknown}
 X - a scroll of identify
Potions
 o - 3 potions of magic
 r - 3 potions of flight {unknown}
 t - a potion of brilliance {unknown}
 z - a potion of might {unknown}
 E - a potion of berserk rage {unknown}
 F - 3 potions of invisibility {unknown}
 J - 3 potions of lignification {unknown}
 M - 2 potions of attraction {unknown}
 Q - 2 potions of curing
 T - a potion of cancellation {unknown}
 Y - a potion of mutation


   Skills:
 + Level 8.8 Fighting
 * Level 10.7 Maces & Flails
 - Level 6.0 Throwing
 * Level 6.1 Armour
 * Level 4.7 Dodging
 - Level 5.0 Shields
 * Level 11.8 Invocations


You had 11 spell levels left.
You didn't know any spells.
Your spell library was empty.

Dungeon Overview and Level Annotations

Branches:
Dungeon (11/15)            Temple (0/1) D:7            Lair (0/5) D:8
    Orc (0/2) D:10          Sewer (visited)          Bailey (visited)

Altars:
Fedhas
Gozag
Makhleb
Okawaru
Uskayaw
Vehumet
Xom
The Shining One

Shops:
D:1 !   D:4 *   D:5 [   D:7 :

Annotations:
D:4 1 runed translucent door, RascalDebosk's ghost, amateur DjIE


Innate Abilities, Weirdness & Mutations

You cannot be hasted, slowed, berserked, paralysed or teleported.
You can dig through walls and to a lower floor.
You have a pair of large antennae on your head. (SInv)
Your four strong arms can wield two-handed weapons with a shield.
You are partially covered in large bone plates. (SH +4)
You are agile. (Dex +4, Str/Int -1)
Your flesh is heat resistant. (rF+)


Message History

The small abomination is heavily damaged.
The small abomination hits you but does no damage.
You barely miss the small abomination.
The small abomination is heavily damaged.
The small abomination hits you but does no damage.
You barely miss the small abomination.
The small abomination is heavily damaged.
You block the small abomination's attack.
You barely miss the small abomination.
The small abomination is heavily damaged.
You block the small abomination's attack.
You closely miss the small abomination.
The small abomination is heavily damaged.
You block the small abomination's attack.
You hit the small abomination but do no damage.
Space warps around the small abomination.
The small abomination is severely damaged.
The small abomination closely misses you.
You hit the small abomination but do no damage.
The small abomination is severely damaged.
The small abomination blinks!
You block the small abomination's attack.
You hit the small abomination but do no damage.
Space warps around the small abomination.
The small abomination is almost destroyed.
You hit the small abomination.
You destroy the small abomination!
You start resting.
You sense a monster nearby.
You start resting.
A ynoxinul comes into view.
You barely miss the ynoxinul.
The ynoxinul bellows!
The ynoxinul hits you but does no damage.
You hit the ynoxinul.
Space warps horribly around the ynoxinul!
The ynoxinul is heavily wounded.
The ynoxinul gestures at you. The iron shot hits you!!
You die...

# . #.. . ###
#.. #
##.###.#.. ..
##..........
##....∩......
#..#@##.....
# #..3## . #
###.. . ....
#.### ..... .
. #.###... ..
.x## #. . #..
.. . ##.
#..{.....
###.#... .


You could see a ynoxinul.

Vanquished Creatures
  3 two-headed ogres
  3 soul eaters
  Pikel (D:4)
  A deep elf pyromancer (Bailey)
  An orc knight (Bailey)
  Joseph (D:8)
  A kobold demonologist (D:10)
  Psyche (D:10)
  2 red devils (D:10)
  3 trolls
  A ynoxinul (D:10)
  A wyvern (D:8)
  A wraith (D:10)
  7 yaks
  2 basilisks
  A neqoxec (D:10)
  Eustachio (D:4)
  Edmund (D:6)
  2 acid dragons (D:10)
  Duvessa (D:6)
  12 orc warriors
  2 ice beasts
  2 ogres (D:5)
  3 centaurs (D:10)
  A lemure (D:4)
  2 kobold brigands
  Blork the orc (D:6)
  3 bullfrogs
  2 gnoll sergeants
  A scorpion (D:7)
  3 wights (D:8)
  Dowan (D:6)
  12 killer bees (D:8)
  5 howler monkeys
  A small abomination (Abyss:1)
  4 hounds
  2 quasits (D:10)
  4 orc priests
  2 iguanas (D:6)
  3 iron imps (D:3)
  8 orc wizards
  6 gnolls
  4 river rats
  9 adders
  2 shadow imps
  A white imp (D:8)
  4 worms
  3 dart slugs
  32 orcs
  8 endoplasms
  4 giant cockroaches
  8 goblins
  7 hobgoblins
  7 jackals (D:2)
  4 quokkas
  17 ball pythons
  5 bats
  5 frilled lizards
  21 kobolds
  25 rats
281 creatures vanquished.

Vanquished Creatures (others)
  8 demonic plants (D:10)
  4 fungi (D:8)
  2 plants (D:8)
14 creatures vanquished.

Grand Total: 295 creatures vanquished

Notes
Turn   | Place    | Note
-------+----------+-------------------------------------------
     0 | Abyss:1  | Godmorgon the Formicid Abyssal Knight began the quest for
                  | the Orb.
     0 | Abyss:1  | Reached XP level 1. HP: 18/18 MP: 2/2
     1 | D:1      | Escaped the Abyss
   162 | D:1      | Reached XP level 2. HP: 24/24 MP: 3/3
   332 | D:1      | Reached XP level 3. HP: 24/29 MP: 3/5
   592 | D:1      | Found Ussymp's Distillery.
  1098 | D:2      | Reached *** piety under Lugonu
  1099 | D:2      | Reached skill level 1 in Shields
  1361 | D:2      | Found a blossoming altar of Fedhas.
  1392 | D:2      | Reached XP level 4. HP: 37/37 MP: 6/6
  1663 | D:3      | Reached skill level 3 in Invocations
  1804 | D:3      | Found an opulent altar of Gozag.
  1903 | D:1      | Bought a potion of heal wounds for 50 gold pieces
  1903 | D:1      | Bought a potion of curing for 30 gold pieces
  1958 | D:3      | Found a faded altar of an unknown god.
  2794 | D:3      | Found a burning altar of Makhleb.
  2808 | D:3      | Reached XP level 5. HP: 42/42 MP: 7/7
  3010 | D:4      | Found Segeck Rauqu's Assorted Antiques.
  3133 | D:4      | Reached **** piety under Lugonu
  3134 | D:4      | Reached XP level 6. HP: 39/48 MP: 8/8
  3161 | D:4      | Found a runed translucent door.
  3161 | D:4      | Noticed RascalDebosk's ghost (amateur DjIE)
  3217 | D:4      | Noticed Eustachio
  3450 | D:4      | Found a glowing drain.
  3500 | Sewer    | Entered a sewer
  3543 | Sewer    | Reached XP level 7. HP: 45/55 MP: 9/9
  4043 | Sewer    | Reached skill level 4 in Invocations
  4044 | Sewer    | Reached ***** piety under Lugonu
  4049 | Sewer    | Reached skill level 5 in Shields
  4280 | D:4      | Killed Eustachio
  4281 | D:4      | Reached skill level 5 in Fighting
  4281 | D:4      | Reached skill level 5 in Maces & Flails
  4574 | D:4      | Bought a white potion for 17 gold pieces
  4574 | D:4      | Bought a scroll labelled JEWEGG OSOIQI for 19 gold pieces
  4574 | D:4      | Bought a sapphire potion for 17 gold pieces
  4574 | D:4      | Bought a scroll labelled JEJATIGUSU for 19 gold pieces
  4579 | D:5      | Entered Level 5 of the Dungeon
  4909 | D:4      | Reached XP level 8. HP: 49/62 MP: 11/11
  4984 | D:5      | Reached skill level 1 in Throwing
  4984 | D:5      | Reached skill level 5 in Invocations
  5360 | D:5      | Noticed Pikel
  5395 | D:4      | Killed Pikel
  5396 | D:4      | Reached skill level 6 in Invocations
  5652 | D:6      | Reached XP level 9. HP: 69/69 MP: 13/13
  5817 | D:6      | Noticed Blork the orc
  5834 | D:6      | Killed Blork the orc
  5899 | D:6      | Noticed Edmund
  5919 | D:6      | Killed Edmund
  5979 | D:6      | Noticed Duvessa
  5979 | D:6      | Noticed Dowan
  6056 | D:6      | Killed Duvessa
  6064 | D:6      | Killed Dowan
  6154 | D:6      | Reached skill level 7 in Invocations
  6169 | D:6      | Found a glowing golden altar of the Shining One.
  6502 | D:5      | Found Wubla's Armour Shoppe.
  6759 | D:7      | Found an iron altar of Okawaru.
  7046 | D:7      | Found a staircase to the Ecumenical Temple.
  7142 | D:7      | Found a radiant altar of Vehumet.
  7144 | D:7      | Found a shimmering altar of Xom.
  7205 | D:7      | Found a hide-covered altar of Uskayaw.
  7244 | D:7      | Found Goly's Book Emporium.
  7416 | D:7      | Identified the +2 helmet of Untruth {Harm SInv}
  7919 | D:8      | Noticed Joseph
  7933 | D:8      | Killed Joseph
  7934 | D:8      | Reached skill level 5 in Throwing
  7950 | D:8      | Noticed a two-headed ogre
  7998 | D:8      | Noticed an elephant
  8058 | D:8      | Reached skill level 8 in Invocations
  8058 | D:8      | Reached XP level 10. HP: 53/77 MP: 14/16
  8087 | D:8      | Found a flagged portal.
  8097 | Bailey   | Entered a bailey
  8350 | Bailey   | Found a large runed translucent door.
  8350 | Bailey   | Found a large runed translucent door.
  8351 | Bailey   | Noticed a deep elf pyromancer
  8713 | Bailey   | Noticed an orc knight
  8794 | Bailey   | Killed an orc knight
  8795 | Bailey   | Reached skill level 9 in Invocations
  9138 | Bailey   | Killed a deep elf pyromancer
  9164 | Bailey   | Identified the +0 leather armour of Bubuyhus {Dex+2}
  9380 | D:8      | Killed a two-headed ogre
  9448 | D:7      | Reached skill level 10 in Invocations
  9732 | D:8      | Reached XP level 11. HP: 77/86 MP: 18/18
  9805 | D:8      | Reached skill level 1 in Dodging
  9822 | D:8      | Banished an elephant
 10413 | D:8      | Found a staircase to the Lair.
 11253 | D:9      | Noticed a two-headed ogre
 11284 | D:9      | Killed a two-headed ogre
 11751 | D:10     | Entered Level 10 of the Dungeon
 11879 | D:10     | Gained mutation: You are frail. (-10% HP) [a neqoxec]
 11896 | D:10     | Noticed a soul eater
 12017 | D:10     | Killed a soul eater
 12018 | D:10     | Reached skill level 10 in Maces & Flails
 12018 | D:10     | Reached skill level 11 in Invocations
 12145 | D:10     | Lost mutation: You are frail. (-10% HP) [potion of
                  | mutation]
 12145 | D:10     | Gained mutation: You are frail. (-10% HP) [potion of
                  | mutation]
 12145 | D:10     | Gained mutation: Your flesh is heat resistant. (rF+)
                  | [potion of mutation]
 12146 | D:10     | Lost mutation: Your flesh is heat resistant. (rF+) [potion
                  | of mutation]
 12146 | D:10     | Lost mutation: You are frail. (-10% HP) [potion of
                  | mutation]
 12146 | D:10     | Gained mutation: You occasionally lose the ability to drink
                  | potions when taking damage. [potion of mutation]
 12146 | D:10     | Gained mutation: You possess an exceptional clarity of
                  | mind. [potion of mutation]
 12147 | D:10     | Lost mutation: You occasionally lose the ability to drink
                  | potions when taking damage. [potion of mutation]
 12147 | D:10     | Lost mutation: You possess an exceptional clarity of mind.
                  | [potion of mutation]
 12147 | D:10     | Gained mutation: Your flesh is heat resistant. (rF+)
                  | [potion of mutation]
 12147 | D:10     | Gained mutation: You are agile. (Dex +4, Str/Int -1)
                  | [potion of mutation]
 12147 | D:10     | Gained mutation: You are partially covered in large bone
                  | plates. (SH +4) [potion of mutation]
 12249 | D:10     | Noticed a soul eater
 12250 | D:10     | Noticed a soul eater
 12385 | D:10     | Noticed Psyche
 12385 | D:10     | Found a staircase to the Orcish Mines.
 12438 | D:10     | Killed Psyche
 12591 | D:9      | Killed a soul eater
 13474 | D:10     | Reached skill level 5 in Armour
 13536 | D:10     | Noticed a soul eater
 13617 | D:10     | Noticed a two-headed ogre
 13627 | D:9      | Killed a two-headed ogre
 13628 | D:9      | Reached XP level 12. HP: 40/94 MP: 20/20
 14062 | D:10     | Killed a soul eater
 14140 | D:10     | HP: 2/94 [gnoll sergeant/+2 trident of flaming (4)]
 14163 | D:10     | HP: 4/94 [kobold brigand/+0 long sword (5)]
 14164 | D:10     | HP: 1/94 [kobold brigand/+0 long sword (3)]
 14220 | Abyss:1  | HP: 3/94 [small abomination (13)]
 14243 | Abyss:1  | Killed from afar by a ynoxinul

Illustrated notes

Levels and vault maps discovered:
D:1:      wander_arrival_peaceful_grave, layout_rooms, serial_shops,
          nicolae_shop_waterfront
D:2:      layout_basic, basic_altar, roderic_roman_lattice,
          kennysheep_flooded_box, minmay_split_cup_small
D:3:      minmay_razor_zed, layout_rooms, demons_altar,
          mainiacjoe_overflow_24_doors, ebering_ecumenical_altar_hall,
          st_stairs_3, serial_bayou_pond_d, grunt_decor_junction
D:4:      layout_rooms, gup_sewer_entry_bubbles, serial_shops,
          nicolae_stop_n_shop_2, hellmonk_ghost_happy_afterlife,
          kennysheep_generic_room_7, uniq_eustachio
D:5:      layout_basic, serial_shops, shop, kennysheep_generic_room_10,
          uniq_pikel
D:6:      layout_basic, nicolae_tso_carved_into_rock, uniq_blork_the_orc,
          uniq_edmund, uniq_duvessa
D:7:      layout_layer_cave, mainiacjoe_overflow_paths,
          grunt_temple_overflow_open, minmay_temple_entry_statues_pillars,
          serial_shops, nicolae_shop_temple_entry_statues_fountains
D:8:      layout_rooms, david_lair_generic, enter_bailey_6, uniq_joseph
D:9:      layout_loops_corners
D:10:     minmay_imperfect_grid, layout_irregular_city, orc_0_dummy,
          serial_demonic, serial_demonic_e, serial_demonic_c, serial_demonic_g,
          serial_demonic_e, serial_demonic_f, serial_demonic_d,
          serial_park_tiny_1, uniq_psyche
D:11:     layout_cave_pools, minivault_26, minmay_ruined_shrine
Abyss:1:  base: Temple, base: Temple, base:
D:10

Skill      XL: |  1  2  3  4  5  6  7  8  9 10 11 12 |
---------------+-------------------------------------+-----
Shields        | 1 2 3 4 5 |  5.0
Maces & Flails | 3 4 5 6 7 9 10 | 10.7
Invocations    | 3 4 6 8 10 11 | 11.8
Fighting       | 4 5 6 7 8 |  8.8
Throwing       | 3 5 6 |  6.0
Dodging        | 4 |  4.7
Armour         | 5 6 |  6.1

Action                   |  1- 3 |  4- 6 |  7- 9 | 10-12 || total
-------------------------+-------+-------+-------+-------++-------
Melee: Mace              |   103 |   159 |       |       ||   262
       Hand axe          |       |    39 |   112 |       ||   151
       Flail             |       |    20 |   154 |   488 ||   662
       Dagger            |       |       |       |    31 ||    31
 Fire: Sling             |    17 |    35 |       |     2 ||    54
Throw: Stone             |     3 |       |       |       ||     3
       Dart              |       |     2 |    28 |    66 ||    96
       Throwing net      |       |       |     2 |       ||     2
       Boomerang         |       |       |       |     3 ||     3
Invok: Banish            |       |       |       |     3 ||     3
       Enter the Abyss   |       |       |       |     1 ||     1
 Abil: Dig               |       |     1 |     2 |     1 ||     4
Evoke: Wand              |       |       |     7 |     6 ||    13
  Use: Potion            |       |     1 |     1 |    12 ||    14
       Scroll            |       |       |    11 |     1 ||    12
 Stab: Sleeping          |     1 |       |       |       ||     1
       Held in net/web   |       |       |     3 |       ||     3
Armor: Leather armour    |    37 |       |       |       ||    37
       Scale mail        |     3 |    12 |       |       ||    15
       Chain mail        |       |    74 |    66 |       ||   140
       Plate armour      |       |       |    59 |   351 ||   410
Dodge: Dodged            |    72 |    76 |    68 |   165 ||   381
Block: Buckler           |    15 |    48 |    68 |   276 ||   407
